 Dungeon Crawl Stone Soup version 0.32-a0-995-gb4a59205af (webtiles) character file.

Game seed: 16743575978664486603

229 protoss039 the Digger (level 5, 35/41 HPs)
             Began as a Demonspawn Earth Elementalist on Apr 22, 2024.
             Got out of the dungeon alive.
             The game lasted 00:02:13 (1162 turns).

protoss039 the Digger (DsEE)                        Turns: 1162, Time: 00:02:14

Health: 35/41      AC:  2    Str:  8    XL:     5   Next: 71%
Magic:  9/10       EV: 11    Int: 17    God:
Gold:   91         SH:  0    Dex: 14    Spells: 7/11 levels left

rFire   . . .        f - +2 short sword (freeze)
rCold   . . .        (no shield)
rNeg    . . .        a - +0 robe
rPois   .            (no helmet)
rElec   .            (no cloak)
rCorr   .            (no gloves)
SInv    .            (no boots)
Will    .....        (no amulet)
Stlth   ++           (no ring)
HPRegen 0.26/turn    (no ring)
MPRegen 0.12/turn

%: no passive effects
@: no status effects
A: powered by pain 1, demonic magic 1
a: no special abilities


You escaped.
You visited 1 branch of the dungeon, and saw 2 of its levels.

You collected 91 gold pieces.

Inventory:

Hand Weapons
 f - a +2 short sword of freezing (weapon)
 h - a +0 short sword of speed
Armour
 a - a +0 robe (worn)
Wands
 c - a wand of flame (18)
Scrolls
 b - a scroll of immolation {unknown}
 d - a scroll of blinking {unknown}
 e - 3 scrolls of identify {unknown}
Potions
 g - a potion of enlightenment


   Skills:
 + Level 3.1 Fighting
 - Level 1.7 Dodging
 - Level 1.7 Stealth
 + Level 3.5 Spellcasting
 - Level 1.0 Conjurations
 + Level 4.0 Earth Magic


You had 7 spell levels left.
You knew the following spells:

 Your Spells              Type           Power      Damage    Failure   Level
a - Sandblast             Erth           32%        2d9       3%          1
b - Passwall              Erth           16%        N/A       10%         3

Your spell library contained the following spells:

 Spells                   Type           Power      Damage    Failure   Level
 Stone Arrow              Conj/Erth      22%        3d8       19%         3
 Brom's Barrelling Bould  Conj/Erth      11%        2d3       52%         4
 Petrify                  Alch/Erth      9%         N/A       58%         4


Dungeon Overview and Level Annotations

Branches:
Dungeon (2/15) Zot: 10822

Altars:


Innate Abilities, Weirdness & Mutations

You sometimes gain a little power by taking damage.
Spells you cast may paralyse adjacent enemies.


Message History

Sigmund hits you from afar with a +0 scythe!
Unknown command.
Casting: Sandblast (safe; 4% risk of failure)
Confirm with . or Enter, or press ? or * to list all spells.
Aiming: Sandblast (safe; 4% risk of failure)
Press: ? - help, Shift-Dir - straight line, f/p - Sigmund
Aim: Sigmund, wielding a +0 scythe, wearing a +0 robe and carrying a wand of flame (almost dead, 80% to hit)
The blast of sand hits Sigmund!
You kill Sigmund!
Malevolent energies surge around you.
Your Fighting skill increases to level 3!
Your Spellcasting skill increases to level 3!
Your Earth Magic skill increases to level 4!
You have reached level 4!
You feel agile.
You have reached level 5!
Your demonic ancestry asserts itself...
You feel energised by your suffering.
Unknown command.
c - a wand of flame (18)
Things that are here:
a +0 scythe; a +0 robe; the human corpse of Sigmund
Okay, then.
You reach down and open the door.
There is an open door here.
You are starting to lose your buoyancy.
There is an open door here.
There is a stone staircase leading up here.
You float gracefully downwards.
You climb upwards.
Your extra speed is starting to run out.
There is a stone staircase leading down here.
Your enlightenment fades.
You feel yourself slow down.
There is an open door here.
There is an open door here.
There is an open door here.
There is an open door here.
There is a staircase leading out of the dungeon here.
You have escaped!

#######.'#+.+#+.+#+.'#'.#.##
#....####.###.###.###.###..#
#....# #.'#'.'#'.+#'.#....#
#....######.###.###.###....#
#....#....#.+#'.'#'.#......#
##.......#####.###.###......#
......##.# #.+.'.#.)......#
......##.# ###.###...÷....#
.....)...# #@# #..##.####
.#.....### ### ##....##
.......###### ##....##
#####.......##### ##.#..#####
#...####.....### #.##.÷...# #
#.#.########...##
##.##.....## ## #)#...####
###..###..##.......
.###.###....#
##............###
..#..######.# ###.....#....#


There were no monsters in sight!

Vanquished Creatures
  Sigmund (D:2)
  Natasha (D:2)
  A dart slug (D:1)
  An orc (D:2)
  2 ball pythons (D:1)
  2 bats
  3 endoplasms (D:1)
  2 giant cockroaches (D:1)
  A goblin (D:1)
  5 hobgoblins
  3 jackals (D:1)
  A quokka (D:1)
  A frilled lizard (D:1)
  4 kobolds
  A rat (D:1)
29 creatures vanquished.

Notes
Turn   | Place    | Note
-------+----------+-------------------------------------------
     0 | D:1      | protoss039 the Demonspawn Earth Elementalist began the
                  | quest for the Orb.
     0 | D:1      | Reached XP level 1. HP: 13/13 MP: 3/3
   234 | D:1      | Gained mutation: Spells you cast may paralyse adjacent
                  | enemies. [demonic ancestry]
   234 | D:1      | Reached XP level 2. HP: 17/20 MP: 1/5
   346 | D:1      | Reached skill level 1 in Fighting
   415 | D:1      | Reached skill level 3 in Earth Magic
   664 | D:1      | Reached XP level 3. HP: 25/26 MP: 3/6
   859 | D:2      | Learned a level 3 spell: Passwall
   916 | D:2      | Noticed Natasha
   928 | D:2      | Killed Natasha
  1076 | D:2      | Noticed Sigmund
  1090 | D:2      | Killed Sigmund
  1091 | D:2      | Reached skill level 4 in Earth Magic
  1091 | D:2      | Reached XP level 4. HP: 16/35 MP: 2/9
  1091 | D:2      | Gained mutation: You sometimes gain a little power by
                  | taking damage. [demonic ancestry]
  1091 | D:2      | Reached XP level 5. HP: 19/41 MP: 2/10
  1162 | D:$      | Got out of the dungeon alive.

Illustrated notes

Levels and vault maps discovered:
D:1:      erik_arrival_triangle_large, layout_rooms
D:2:      layout_basic, serial_shops, shop_fountains, minmay_misc_feat_enclosed,
          uniq_natasha, uniq_sigmund

Skill      XL: |  1  2  3 |
---------------+----------+-----
Fighting       | 1 3 |  3.1
Earth Magic    | 3 4 |  4.0
Spellcasting   | 3 |  3.5
Dodging        | |  1.7
Stealth        | |  1.7
Conjurations   | |  1.0

Action                     |  1- 3 |  4- 6 || total
---------------------------+-------+-------++-------
  Melee: Unarmed           |     5 |       ||     5
         Short sword       |    21 |       ||    21
   Cast: Sandblast         |    36 |       ||    36
    Use: Potion            |     3 |       ||     3
   Stab: Paralysed         |     3 |       ||     3
         Sleeping          |     1 |       ||     1
 Armour: Robe              |    31 |       ||    31
  Dodge: Dodged            |    26 |       ||    26

Table legend: (Time is in decaauts)
 A = Elapsed time spent in this place.
 B = Non-inter-level travel time spent in this place.
 C = Inter-level travel time spent in this place.
 D = Time resting spent in this place.
 E = Time spent auto-exploring this place.
 F = Levels seen in this place.
 G = Mean time per level.
                   A        B        C        D        E       F      G
               +--------+--------+--------+--------+--------+-----+--------+
         Total |   1177 |   1098 |     79 |    129 |    725 |   2 |  588.5 |
       Dungeon |   1177 |   1098 |     79 |    129 |    725 |   2 |  588.5 |
               +--------+--------+--------+--------+--------+-----+--------+

Top non-repeatable levels by time:
     D:1: 997 daAuts
     D:2: 180 daAuts
